 Dungeon Crawl Stone Soup version 0.30-a0-916-g98134172ad (webtiles) character file.

Game seed: 3071185369911955405

191 Aequonox the Trooper (level 6, 0/48 HPs)
             Began as a Human Cinder Acolyte on Mar 20, 2023.
             Was a Priest of Ignis.
             Slain by a gnoll
             ... wielding a +0 whip
              (5 damage)
             ... on level 3 of the Dungeon.
             The game lasted 00:07:54 (3432 turns).

Aequonox the Trooper (Human Cinder Acolyte)         Turns: 3432, Time: 00:07:55

Health: 0/48       AC:  6    Str: 19    XL:     6   Next: 2%
Magic:  9/9        EV: 11    Int: 14    God:    Ignis [***...]
Gold:   167        SH:  0    Dex:  9    Spells: 9/9 levels left

rFire   + . .      SeeInvis .    g - +1 dagger (flame)
rCold   . . .      Faith    .    (no shield)
rNeg    + . .      Spirit   .    j - +0 leather armour
rPois   +          Reflect  .    o - +0 helmet
rElec   .          Rampage  .    (no cloak)
rCorr   .                        f - +0 pair of gloves
Will    .....                    i - +0 pair of boots
Stlth   +                        s - amulet "Sagh" {RegenMP rPois rN+ Will- Str+3}
HPRegen 0.28/turn                (no ring)
MPRegen 0.51/turn                (no ring)

@: no status effects
A: no striking features
a: Renounce Religion, Fiery Armour, Foxfire Swarm, Rising Flame


You were on level 3 of the Dungeon.
You worshipped Ignis.
Ignis was most pleased with you.
You visited 1 branch of the dungeon, and saw 4 of its levels.

You collected 167 gold pieces.

Inventory:

Hand Weapons
 a - a -1 falchion of flaming
 g - a +1 dagger of flaming (weapon)
Armour
 b - a +0 robe
 f - a +0 pair of gloves (worn)
 i - a +0 pair of boots (worn)
 j - a +0 leather armour (worn)
 o - a +0 helmet (worn)
Jewellery
 p - a ring of poison resistance
 s - the amulet "Sagh" (around neck) {RegenMP rPois rN+ Will- Str+3}
   (You found it on level 3 of the Dungeon)

   [amulet of magic regeneration]

   It increases your rate of magic regeneration.
   Str:       It affects your strength (+3).
   rPois:     It protects you from poison.
   rN:        It protects you from negative energy.
   Will:      It decreases your willpower.
Scrolls
 c - a scroll of amnesia
 u - a scroll of summoning
Potions
 d - a potion of lignification {unknown}
 h - a potion of flight {unknown}
 m - a potion of cancellation {unknown}
 n - a potion of brilliance {unknown}
 q - a potion of might {unknown}


   Skills:
 + Level 3.7 Fighting
 + Level 1.7(2.7) Short Blades
 - Level 3.2(3.4) Long Blades
 + Level 1.7 Armour
 + Level 1.7 Dodging
 + Level 2.1 Spellcasting
 + Level 3.7 Fire Magic


You had 9 spell levels left.
You didn't know any spells.
Your spell library contained the following spells:

 Spells                   Type           Power      Damage    Failure   Level
 Scorch                   Fire           22%        2d6       9%          2
 Magic Dart               Conj           4%         1d3       28%         1
 Searing Ray              Conj           2%         2d4       38%         2
 Kindle Blastsparks       Fire/Tloc/Air  8%         2d10      45%         3
 Fulminant Prism          Conj/Hex       0%         3d5       95%         4
 Iskenderun's Mystic Bla  Conj/Tloc      1%         2d3       95%         4
 Lee's Rapid Deconstruct  Erth           0%         3d4*      100%        5


Dungeon Overview and Level Annotations

Branches:
Dungeon (4/15)
 Temple: D:4-7

Altars:
Zin


Message History

The gnoll barely misses you.
You hit the gnoll but do no damage. You hit the gnoll but do no damage.
The gnoll hits you with a +0 whip.
You hit the gnoll but do no damage.
An orc comes into view. It is wielding a +0 flail.
The gnoll closely misses you.
The orc shouts!
You hit the gnoll but do no damage. The gnoll hits you but does no damage.
The gnoll attacks as you move away! The gnoll hits you with a +0 whip.
Found a spear.
You hear the slow hiss of a very distant avalanche of sand.
The gnoll attacks as you move away! The gnoll hits you but does no damage.
There is an escape hatch in the ceiling here.
The orc barely misses you. The gnoll hits you with a +0 whip.
A mysterious force pulls you upwards. The hatch slams shut behind you.
You closely miss the orc. The gnoll hits you with a +0 whip.
The orc hits you with a +0 flail.
* * * LOW HITPOINT WARNING * * *
You closely miss the orc. The gnoll hits you but does no damage.
The orc hits you with a +0 flail.
* * * LOW HITPOINT WARNING * * *
You barely miss the orc. The gnoll hits you with a +0 whip.
* * * LOW HITPOINT WARNING * * *
The orc hits you but does no damage.
You hit the orc. You burn the orc.
The orc is moderately wounded.
You hit the orc. You burn the orc.
The orc is severely wounded.
The gnoll hits you but does no damage. The orc hits you but does no damage.
You hit the orc but do no damage.
The orc is severely wounded.
The gnoll barely misses you. The orc hits you but does no damage.
You hit the orc but do no damage.
The orc is severely wounded.
The gnoll barely misses you. The orc hits you with a +0 flail.
* * * LOW HITPOINT WARNING * * *
You hit the orc. You burn the orc.
You kill the orc!
The gnoll hits you with a +0 whip.
You die...

..# #.# #...##.## ..# #.#
#...##... ..# #.###...##### ..#
#########.......# ..##
#.......#.###..##
#..##########.......#.###..#
#..##.................))...#
#..#########.....)).#.###.##
#..## #....@...#.# #.# #...####
###.....g..#.# #.# #.#....#
#..........#.###.##### #.#....#
#.......)..#.........#
#.#....###..........#.........#
#...................#.........#
##........##........#.........#
#........###########.........#
#........###### ##.#..######


You could see a gnoll.

Vanquished Creatures
  A scorpion (D:3)
  An orc priest (D:3)
  4 gnolls (D:3)
  A worm (D:3)
  2 dart slugs (D:1)
  3 orcs (D:3)
  7 ball pythons
  4 endoplasms
  5 goblins
  6 hobgoblins
  2 quokkas
  7 bats
  5 frilled lizards
  5 kobolds
  4 rats
57 creatures vanquished.

Vanquished Creatures (others)
  32 foxfires
32 creatures vanquished.

Grand Total: 89 creatures vanquished

Notes
Turn   | Place    | Note
-------+----------+-------------------------------------------
     0 | D:1      | Aequonox the Human Cinder Acolyte began the quest for the
                  | Orb.
     0 | D:1      | Reached XP level 1. HP: 18/18 MP: 2/2
   211 | D:1      | Reached XP level 2. HP: 10/24 MP: 3/3
  1023 | D:1      | Reached XP level 3. HP: 26/29 MP: 5/5
  1525 | D:2      | Found a faded altar of an unknown god.
  2314 | D:3      | Reached XP level 4. HP: 7/35 MP: 6/6
  2409 | D:3      | Reached skill level 1 in Short Blades
  2409 | D:3      | Reached skill level 1 in Dodging
  2419 | D:3      | Reached skill level 1 in Armour
  2560 | D:3      | Reached XP level 5. HP: 23/41 MP: 7/7
  2715 | D:3      | Identified the amulet "Sagh" {RegenMP rPois rN+ Will-
                  | Str+3}
  2732 | D:3      | Found a glowing silver altar of Zin.
  3078 | D:3      | Reached XP level 6. HP: 48/48 MP: 9/9
  3432 | D:3      | Slain by a gnoll

Illustrated notes

Levels and vault maps discovered:
D:1:      ncdulo_lavacross, layout_loops_corners, serial_bayou_pond_e,
          nicolae_eternal_life
D:2:      cheibrodos_helix_gallery, layout_loops_corners,
          ebering_ecumenical_altar_abandoned, feat_on_display
D:3:      layout_basic, zin_academy
D:4:      layout_cave_pools, mainiacjoe_overflow_chevrons,
          minmay_temple_entry_hall, gup_ossuary_entry_pyramid,
          minmay_shop_grid_forest, uniq_natasha

Skill      XL: |  1  2  3  4  5 |
---------------+----------------+-----
Short Blades   | 1 |  1.7
Dodging        | 1 |  1.7
Armour         | 1 |  1.7
Spellcasting   | 2 |  2.1
Fighting       | |  3.7
Long Blades    | |  3.2
Fire Magic     | |  3.7

Action                     |  1- 3 |  4- 6 || total
---------------------------+-------+-------++-------
  Melee: Falchion          |    19 |       ||    19
         Dagger            |    76 |   105 ||   181
         Punch             |     1 |       ||     1
 Invoke: Fiery Armour      |     2 |     1 ||     3
         Foxfire Swarm     |     1 |     1 ||     2
    Use: Scroll            |       |     6 ||     6
 Armour: Robe              |     9 |       ||     9
         Leather armour    |    32 |    31 ||    63
  Dodge: Dodged            |    57 |    35 ||    92

Table legend: (Time is in decaauts)
 A = Elapsed time spent in this place.
 B = Non-inter-level travel time spent in this place.
 C = Inter-level travel time spent in this place.
 D = Time resting spent in this place.
 E = Time spent auto-exploring this place.
 F = Levels seen in this place.
 G = Mean time per level.
                   A        B        C        D        E       F      G
               +--------+--------+--------+--------+--------+-----+--------+
         Total |   3413 |   3259 |    154 |      0 |   2693 |   4 |  853.2 |
       Dungeon |   3413 |   3259 |    154 |      0 |   2693 |   4 |  853.2 |
               +--------+--------+--------+--------+--------+-----+--------+

Top non-repeatable levels by time:
     D:1: 1248 daAuts
     D:3: 1190 daAuts
     D:2: 921 daAuts
     D:4: 53 daAuts
